 Dungeon Crawl Stone Soup version 0.27-a0-1325-g58a489ad9e (webtiles) character file.

Game seed: 5501081276370172109

4046 siradein the Cleaver (level 10, -3/56 HPs)
             Began as a Gargoyle Fighter on June 25, 2021.
             Was a Follower of Qazlal.
             Slain by a wight (7 damage)
             ... on level 8 of the Dungeon.
             The game lasted 00:16:23 (7528 turns).

siradein the Cleaver (Gargoyle Fighter)             Turns: 7528, Time: 00:16:24

Health: -3/56      AC: 19    Str: 22    XL:     10   Next: 24%
Magic:  10/10      EV:  5    Int: 10    God:    Qazlal [*.....]
Gold:   423        SH: 15    Dex:  9    Spells: 9/9 levels left

rFire    + . .     SeeInvis .   G - +2 hand axe (venom)
rCold    . . .     Faith    .   B - +0 tower shield
rNeg     + . .     Spirit   .   s - +3 scale mail {rF+}
rPois    ∞         Reflect  .   y - +0 helmet
rElec    +         Harm     .   (no cloak)
rCorr    .         Rampage  .   (no gloves)
Will     .....                  o - +0 pair of boots
Stlth    ..........             t - amulet of regeneration
HPRegen  1.18/turn              (no ring)
MPRegen  0.12/turn              (no ring)

@: no status effects
A: sickness immunity, AC +7, negative energy resistance 1, electricity
resistance, torment resistance 1, petrification resistance
a: Renounce Religion


You were on level 8 of the Dungeon.
You worshipped Qazlal.
Qazlal was aware of your devotion.
You visited 2 branches of the dungeon, and saw 9 of its levels.

You collected 423 gold pieces.

Inventory:

Hand Weapons
 a - a +0 war axe
 G - a +2 hand axe of venom (weapon)
Armour
 c - a +0 kite shield
 o - a +0 pair of boots (worn)
 s - a +3 scale mail of fire resistance (worn)
 y - a +0 helmet (worn)
 B - a +0 tower shield (worn)
Jewellery
 j - a ring of magical power
 t - an amulet of regeneration (around neck)
 w - an amulet of magic regeneration
Wands
 r - a wand of iceblast (8)
 D - a wand of acid (10)
 E - a wand of mindburst (12)
Scrolls
 e - a scroll of vulnerability {unknown}
 f - 3 scrolls of blinking {unknown}
 l - 2 scrolls of enchant armour {unknown}
 m - 3 scrolls of enchant weapon
 n - 6 scrolls of teleportation
 p - 3 scrolls of holy word
 u - 2 scrolls of brand weapon {unknown}
 x - a scroll of acquirement {unknown}
 C - 2 scrolls of noise {unknown}
 H - a scroll of magic mapping {unknown}
Potions
 b - 2 potions of invisibility
 d - a potion of might
 g - a potion of flight {unknown}
 h - 2 potions of heal wounds
 k - a potion of degeneration {unknown}
 q - 3 potions of ambrosia
 v - 2 potions of lignification {unknown}
 z - a potion of haste {unknown}
 A - a potion of cancellation {unknown}
 F - 4 potions of curing {unknown}


   Skills:
 - Level 3.2 Fighting
 + Level 13.0 Axes
 - Level 3.2 Armour
 - Level 3.2 Shields


You had 9 spell levels left.
You didn't know any spells.
Your spell library was empty.

Dungeon Overview and Level Annotations

Branches:
Dungeon (8/15)             Temple (1/1) D:7
   Lair: D:8-11

Altars:
Ashenzari
Cheibriados
Dithmenos
Elyvilon
Gozag
Hepliaklqana
Kikubaaqudgha
Makhleb
Nemelex Xobeh
Okawaru
Qazlal
Sif Muna
Trog
Wu Jian
Xom
Yredelemnul
Zin

Annotations:
D:3 1 runed translucent door, bilbop's ghost, amateur DESu
D:4 1 runed translucent door, Crazy Yiuf
D:6 2 transporters, Phlounder's ghost, novice DjWn
D:8 Erica


Innate Abilities, Weirdness & Mutations

You are immune to sickness and miasma.
Your stone body is resilient. (AC +7)
You are immune to poison.
You resist negative energy. (rN+)
You are resistant to electric shocks. (rElec)
You are resistant to unholy torment.
You are immune to petrification.


Message History

The bolt of poison hits you but does no damage.
You resist.
No target in view!
You barely miss something. Something completely misses you.
Your shield prevents you from hitting something.
You hear some strange, mumbled words.
Something tries to affect you, but you resist.
You closely miss something. Something hits you but does no damage.
You barely miss something. Something hits you but does no damage.
You block something's attack.
You barely miss something. Something hits you!
You hit something. Something hits you.
You hit something. You block something's attack.
You miss something. Something hits you but does no damage.
You slash something! Something hits you!
You miss something. You block something's attack.
You closely miss something. Something hits you! Something burns you.
You closely miss something.
You hear some strange, mumbled words.
A lance of force appears from out of thin air!
The lance of force hits you!
You are knocked back by the lance of force.
A wight comes into view. It is wielding a +0 morningstar.
There is an open door here.
You hit something. Something hits you! Something burns you.
You miss something. You block something's attack. Something hits you.
Your shield prevents you from hitting something.
You hit the wight but do no damage. You block something's attack.
The wight hits you with a +0 morningstar!
* * * LOW HITPOINT WARNING * * *
You slash something! You hit the wight.
The wight hits you with a +0 morningstar!
* * * LOW HITPOINT WARNING * * *
You hear some strange, mumbled words.
Something tries to affect you, but you resist.
You closely miss something. You barely miss the wight.
Erica appears from thin air!
Reactivating autopickup.
The wight hits you with a +0 morningstar!
You die...

.........# ...#. ........#
....#####
........#########.......
........#......##.......
#.....# #......##.......
#.....# #......##....... #
#†....# #......##.......
#>#)#######......##.......
#.....).@@z.......'.......
###.#######......##.......
........................#
#.#..#####.......#.....y.#
#........................#
# .##+#####......##......#
..#.⌠.⌠ ###..............
..#.)..##.##.##.##.......
#.._.#...8..........zz.


You could see Erica (extremely poisoned) and a wight.

Vanquished Creatures
  A two-headed ogre (D:8)
  Grinder (D:5)
  A hornet (D:8)
  A wyvern (D:7)
  A water moccasin (D:6)
  Duvessa (D:6)
  An ice beast (D:8)
  3 orc warriors
  An ogre (D:4)
  3 centaurs
  A phantom (D:6)
  2 kobold brigands
  2 bullfrogs
  Blork the orc (D:4)
  A scorpion (D:4)
  Dowan (D:6)
  A howler monkey (D:5)
  11 wights
  3 hounds
  2 jellies
  2 bullfrog skeletons (D:6)
  A bullfrog zombie (D:5)
  6 orc priests
  2 centaur skeletons
  A scorpion zombie (D:5)
  Ijyb (D:4)
  4 iguanas
  7 orc wizards
  5 adders
  2 shadow imps
  A white imp (D:7)
  2 ufetubi
  2 adder skeletons (D:4)
  2 dart slugs (D:2)
  22 orcs
  3 ball pythons
  4 bats
  7 endoplasms
  3 giant cockroaches
  3 goblins
  5 hobgoblins
  4 jackals
  10 kobolds
  4 quokkas
  4 frilled lizards (D:1)
  9 rats
155 creatures vanquished.

Vanquished Creatures (others)
  A bat (D:3)
1 creature vanquished.

Grand Total: 156 creatures vanquished

Notes
Turn   | Place    | Note
-------+----------+-------------------------------------------
     0 | D:1      | siradein the Gargoyle Fighter began the quest for the Orb.
     0 | D:1      | Reached XP level 1. HP: 14/14 MP: 1/1
   222 | D:1      | Reached skill level 2 in Axes
   491 | D:1      | Reached XP level 2. HP: 12/19 MP: 2/2
   991 | D:2      | Reached skill level 3 in Axes
   991 | D:2      | Reached XP level 3. HP: 19/23 MP: 3/3
  1147 | D:2      | Found a faded altar of an unknown god.
  1780 | D:2      | Found a shimmering altar of Xom.
  2231 | D:3      | Reached XP level 4. HP: 27/28 MP: 4/4
  2236 | D:3      | Noticed bilbop's ghost (amateur DESu)
  2238 | D:3      | Found a runed translucent door.
  2479 | D:3      | Reached skill level 4 in Axes
  3324 | D:4      | Found an ancient bone altar of Kikubaaqudgha.
  3326 | D:4      | Noticed Ijyb
  3362 | D:4      | Killed Ijyb
  3363 | D:4      | Reached XP level 5. HP: 22/32 MP: 5/5
  3551 | D:4      | Found a runed translucent door.
  3552 | D:4      | Noticed Crazy Yiuf
  3657 | D:4      | Noticed an ogre
  3666 | D:4      | Killed an ogre
  3667 | D:4      | Reached skill level 5 in Axes
  3667 | D:4      | Reached XP level 6. HP: 29/37 MP: 6/6
  3968 | D:4      | Noticed Blork the orc
  3970 | D:4      | Killed Blork the orc
  3971 | D:4      | Reached skill level 6 in Axes
  4322 | D:5      | Entered Level 5 of the Dungeon
  4512 | D:5      | Reached XP level 7. HP: 41/41 MP: 7/7
  4726 | D:5      | Reached skill level 7 in Axes
  4873 | D:5      | Found a shadowy altar of Dithmenos.
  5110 | D:6      | Noticed Grinder
  5164 | D:5      | Paralysed by Grinder for 6 turns
  5183 | D:5      | Killed Grinder
  5184 | D:5      | Reached skill level 8 in Axes
  5184 | D:5      | Reached XP level 8. HP: 46/46 MP: 8/8
  5306 | D:6      | Found a transporter.
  5311 | D:6      | Noticed Phlounder's ghost (novice DjWn)
  5367 | D:6      | Reached skill level 9 in Axes
  5696 | D:6      | Found a transporter.
  5735 | D:6      | Reached skill level 10 in Axes
  5911 | D:7      | Noticed Duvessa
  5915 | D:7      | Noticed Dowan
  5923 | D:6      | Reached XP level 9. HP: 8/51 MP: 9/9
  5981 | D:6      | Killed Duvessa
  6008 | D:6      | Killed Dowan
  6233 | D:7      | Found a staircase to the Ecumenical Temple.
  6282 | D:7      | Reached skill level 11 in Axes
  6305 | Temple   | Entered the Ecumenical Temple
  6381 | Temple   | Became a worshipper of Qazlal Stormbringer
  7036 | D:8      | Noticed a hornet
  7197 | D:8      | Reached skill level 12 in Axes
  7295 | D:8      | Reached * piety under Qazlal
  7350 | D:8      | Noticed a two-headed ogre
  7392 | D:8      | Killed a two-headed ogre
  7393 | D:8      | Reached XP level 10. HP: 49/56 MP: 10/10
  7426 | D:8      | Found an ornate altar of the Wu Jian Council.
  7428 | D:8      | Found a snail-covered altar of Cheibriados.
  7498 | D:8      | Noticed Erica
  7504 | D:8      | Reached skill level 13 in Axes
  7528 | D:8      | Slain by a wight

Illustrated notes

Levels and vault maps discovered:
D:1:      dpeg_arrival_three_same_balls, layout_loops_ring
D:2:      layout_basic, hellmonk_ecumenical_altar_run_dry, basic_altar,
          nrook_uturn
D:3:      layout_basic, hellmonk_ghost_happy_afterlife, lemuel_old_faithful
D:4:      layout_loops_ring, nicolae_kikubaaqudgha_miasma_corner,
          uniq_crazy_yiuf_cottage, uniq_blork_the_orc, uniq_ijyb
D:5:      layout_basic, nicolae_overflow_crystal_walls, minmay_misc_feat_square,
          kennysheep_generic_room_11
D:6:      layout_rooms, gammafunk_ghost_stat_death, uniq_grinder
D:7:      layout_basic, minmay_temple_entry_mini_moons, uniq_duvessa
D:8:      layout_basic, jmf_multi_god_temple, dk_noncrumbling_4, uniq_erica
Temple:   dshaligram_water_room_temple

Skill      XL: |  1  2  3  4  5  6  7  8  9 10 |
---------------+-------------------------------+-----
Axes           | 2 3 4 5 6 8 10 12 13 | 13.0
Fighting       | |  3.2
Armour         | |  3.2
Shields        | |  3.2

Action                   |  1- 3 |  4- 6 |  7- 9 | 10-12 || total
-------------------------+-------+-------+-------+-------++-------
Melee: War axe           |   103 |   166 |   181 |       ||   450
       Hand axe          |       |       |   226 |    58 ||   284
  Use: Scroll            |       |       |     6 |       ||     6
Armor: Chain mail        |    57 |    53 |       |       ||   110
       Scale mail        |       |    24 |   268 |    15 ||   307
Dodge: Dodged            |    21 |    46 |    79 |     6 ||   152
Block: Kite shield       |    50 |    76 |       |       ||   126
       Tower shield      |       |    12 |   371 |    23 ||   406

Table legend: (Time is in decaauts)
 A = Elapsed time spent in this place.
 B = Non-inter-level travel time spent in this place.
 C = Inter-level travel time spent in this place.
 D = Time resting spent in this place.
 E = Time spent auto-exploring this place.
 F = Levels seen in this place.
 G = Mean time per level.
                   A        B        C        D        E       F      G
               +--------+--------+--------+--------+--------+-----+--------+
         Total |   7819 |   7638 |    181 |    135 |   5585 |   9 |  868.8 |
       Dungeon |   7727 |   7546 |    181 |    135 |   5516 |   8 |  965.9 |
        Temple |     92 |     92 |      0 |      0 |     69 |   1 |   92.0 |
               +--------+--------+--------+--------+--------+-----+--------+

Top non-repeatable levels by time:
     D:3: 1283 daAuts
     D:4: 1145 daAuts
     D:2: 1019 daAuts
     D:1: 1004 daAuts
     D:7: 999 daAuts
     D:5: 949 daAuts
     D:6: 867 daAuts
     D:8: 457 daAuts
  Temple: 92 daAuts
